Map: Whispers of Gold

Players

BertoZerg

  • Race: Zerg Zerg
  • League: Gold
  • Spawn Location: 9:00

WeAreLegion - Winner!

  • Race: Terran Terran
  • League: Gold
  • Spawn Location: 5:00

VOD

Have the link to the VOD?

Description

Time

  • Played on: Dec. 18, 2024, 12:25 a.m.
  • Length: 13:50
Show
View Real Time Build Order
Export as new Build Order

BertoZerg Zerg 

Build Orders: Pool First 

Get SALT Encoding   

  12  0:01  Drone  
  13  0:11  Drone  
  14  0:18  Overlord  
  14  0:22  Extractor  
  14  0:23  Drone  
  14  0:36  Drone x2  
  16  0:53  Spawning Pool  
  16  0:54  Drone  
  16  0:58  Drone  
  17  1:06  Drone  
  18  1:18  Drone  
  19  1:25  Extractor  
  19  1:28  Drone  
  19  1:38  Overlord  
  19  1:45  Spine Crawler  
  18  1:48  Lair  
  18  1:50  Drone  
  19  2:00  Drone  
  20  2:11  Zergling x2  
  21  2:21  Drone  
  22  2:34  Drone  
  23  2:45  Drone  
  24  2:54  Hatchery  
  23  3:12  Queen  
  23  3:14  Drone x2  
  23  3:19  Spore Crawler  
  26  3:26  Spire  
  25  3:28  Drone x2  
  27  3:39  Spine Crawler  
  26  3:46  Spore Crawler  
  26  3:48  Drone x2  
  27  3:55  Spore Crawler  
  27  4:00  Drone  
  27  4:07  Spore Crawler  
  26  4:12  Spore Crawler  
  25  4:20  Queen  
  25  4:24  Drone  
  28  4:27  Drone  
  29  4:39  Overlord  
  29  4:40  Drone x2  
  31  4:45  Extractor  
  31  4:46  Drone  
  31  4:48  Drone  
  32  4:58  Drone  
  33  5:05  Mutalisk  
  31  5:17  Spine Crawler  
  31  5:19  Spine Crawler  
  29  5:22  Mutalisk  
  29  5:24  Mutalisk  
  33  5:37  Mutalisk x2  
  37  5:43  Mutalisk  
  39  5:55  Mutalisk  
  39  5:56  Mutalisk  
  43  6:12  Overlord  
  43  6:30  Queen  
  45  6:47  Overlord x3  
  39  7:08  Mutalisk x2  
  39  7:09  Mutalisk  
  43  7:22  Spore Crawler  
  42  7:25  Spine Crawler  
  41  7:31  Mutalisk  
  36  8:48  Drone x3  
  35  9:11  Mutalisk x3  
  35  9:12  Mutalisk x3  
  48  9:24  Drone x3  
  48  9:25  Queen  
  52  9:35  Zerg Flyer Weapons Level 1  
  52  9:40  Drone x2  
  54  9:46  Drone  
  54  9:50  Drone  
  56  9:54  Drone  
  57  10:06  Drone  
  58  10:08  Spine Crawler  
  57  10:17  Drone  
  57  10:20  Mutalisk  
  60  10:30  Mutalisk x2  
  60  10:31  Drone  
  60  10:35  Drone  
  66  10:38  Drone  
  67  10:50  Drone  
  68  10:58  Spine Crawler  
  67  11:16  Hatchery  
  66  11:20  Overlord x3  
  66  11:27  Overlord  
  66  11:28  Drone  
  66  11:32  Overseer  
  67  11:42  Extractor  
  67  11:43  Drone x3  
  67  11:45  Drone  
  70  12:03  Drone x2  
  72  12:18  Mutalisk x6  
  84  12:29  Spine Crawler  
  83  12:33  Spine Crawler  
  83  12:36  Mutalisk  
  84  12:47  Mutalisk x3  
  90  13:01  Mutalisk  
  90  13:03  Overlord x3  
  92  13:22  Mutalisk x2  
Show
View Real Time Build Order
Export as new Build Order

WeAreLegion Terran - Winner!

Build Orders: Reaper Expand 

Get SALT Encoding   

  12  0:00  SCV  
  13  0:12  SCV  
  14  0:18  Supply Depot  
  14  0:24  SCV  
  15  0:39  SCV  
  15  0:41  Barracks  
  16  0:50  Refinery  
  16  0:51  SCV  
  17  1:03  SCV  
  18  1:27  Orbital Command  
  18  1:42  Command Center  
  18  1:45  Reaper  
  19  1:56  Supply Depot  
  19  1:57  SCV  
  20  2:09  SCV  
  21  2:19  Factory  
  21  2:21  Marine  
  22  2:25  SCV  
  23  2:34  Refinery  
  23  2:37  SCV  
  23  2:42  Barracks Reactor  
  24  2:49  SCV  
  25  3:01  SCV  
  25  3:08  Hellion  
  25  3:10  Orbital Command  
  27  3:15  Starport  
  27  3:17  SCV  
  30  3:29  SCV  
  29  3:39  Hellion x2  
  29  3:40  SCV  
  34  3:42  SCV  
  35  3:53  Supply Depot, SCV  
  35  3:54  SCV  
  37  3:59  Marine  
  37  4:00  Hellion x2  
  42  4:04  Liberator  
  42  4:05  SCV  
  46  4:14  Command Center  
  46  4:15  SCV  
  47  4:17  SCV  
  47  4:22  Barracks Tech Lab  
  48  4:27  SCV  
  49  4:37  Widow Mine x2  
  53  4:38  SCV  
  53  4:44  Supply Depot x2  
  54  4:47  SCV, Marine  
  54  4:51  SCV  
  57  4:56  Medivac  
  57  4:59  SCV, Widow Mine  
  62  5:05  SCV, Marine  
  62  5:06  Widow Mine  
  66  5:11  SCV  
  67  5:22  Barracks  
  67  5:23  Marine  
  67  5:25  Barracks  
  68  5:28  Engineering Bay  
  68  5:30  Engineering Bay  
  68  5:33  Widow Mine x2  
  72  5:41  Marine  
  75  5:43  Viking  
  72  5:55  Widow Mine  
  74  5:59  Terran Infantry Weapons Level 1, Marine  
  74  6:01  Stimpack  
  65  6:13  Viking  
  65  6:14  SCV x2  
  65  6:16  Marine  
  72  6:20  Barracks Tech Lab  
  72  6:23  Barracks Reactor  
  70  6:26  SCV x2  
  71  6:34  Marine  
  71  6:38  SCV  
  69  6:52  Marine  
  66  7:10  Marine  
  67  7:17  SCV x3  
  67  7:20  Marine x2  
  67  7:21  Marine  
  67  7:22  Widow Mine x2  
  75  7:23  Starport Reactor  
  75  7:26  Terran Infantry Armor Level 1  
  75  7:28  Marine  
  75  7:29  SCV x3  
  79  7:33  Barracks  
  79  7:34  Barracks  
  79  7:38  Marine x2  
  79  7:39  Supply Depot, Starport, Marauder  
  79  7:41  SCV  
  79  7:43  Widow Mine  
  83  7:46  Marauder  
  84  7:56  Marine  
  85  8:00  Marauder  
  82  8:15  Marine x3  
  83  8:21  Marine  
  83  8:23  Planetary Fortress  
  84  8:33  Marine x2, Widow Mine  
  84  8:34  Marauder, Widow Mine  
  92  8:51  Barracks Tech Lab, Marine, Barracks Reactor  
  92  8:52  Starport Reactor  
  93  9:03  Marine  
  93  9:04  Marauder x2, Widow Mine  
  93  9:08  Marine  
  101  9:11  Supply Depot, Widow Mine  
  101  9:15  SCV  
  101  9:16  SCV  
  101  9:26  Refinery  
  101  9:27  Marine x2, Refinery  
  101  9:28  Supply Depot, SCV, Marauder x2  
  108  9:32  Widow Mine  
  108  9:33  Supply Depot, Widow Mine  
  112  9:40  SCV  
  112  9:45  Marine x2  
  113  9:47  SCV x2  
  113  9:49  Marauder x2  
  113  9:52  SCV, Refinery  
  122  9:59  SCV x2  
  124  10:03  Marine x2  
  124  10:04  SCV  
  127  10:11  SCV x2, Marauder x2  
  127  10:12  Widow Mine x2  
  140  10:16  SCV  
  140  10:17  Viking  
  140  10:21  Marine  
  141  10:24  Armory  
  141  10:28  Supply Depot  
  141  10:29  Supply Depot  
  141  10:31  SCV, Marine, Viking  
  141  10:32  Marauder x2  
  141  10:33  Combat Shield  
  149  10:49  Marine x2, Viking  
  155  10:50  Widow Mine  
  155  10:51  Medivac x2  
  155  10:52  Supply Depot  
  155  10:53  Marauder x2  
  155  10:54  Supply Depot  
  163  11:01  Viking  
  165  11:14  Marine x2  
  165  11:15  Marauder  
  169  11:19  Medivac  
  169  11:21  Liberator x2, Marine  
  169  11:22  Marine x2  
  180  11:31  Refinery  
  180  11:42  Marine  
  181  11:53  Marine x4, Marauder x2  
  189  11:54  Supply Depot  
  189  11:56  Terran Ship Weapons Level 1  
  189  11:57  Supply Depot  
  189  12:16  Marauder x2  
  189  12:18  Supply Depot  
  189  12:20  Supply Depot  
  193  12:41  Marine x3  
  193  12:42  Marauder x3  
  198  12:57  Medivac  
  200  13:17  Marine x4  
  200  13:18  Marauder x3  
Tags
 
Add a new tag
Caveats
  • Supply blocks, unpowered buildings, or Contaminate may cause inaccurate times.
  • Supply counts are checked every 10 seconds.